 Dungeon Crawl Stone Soup version 0.30-a0-475-g03497ec522 (webtiles) character file.

Game seed: 12984672191026110068

631 zishaf the Ducker (level 7, -14/33 HPs)
             Began as a Felid Transmuter on Dec 20, 2022.
             Was a Priest of Dithmenos.
             Killed from afar by an electric eel (15 damage)
             ... with a bolt of electricity
             ... on level 7 of the Dungeon.
             The game lasted 00:11:25 (6296 turns).

zishaf the Ducker (Felid Transmuter)                Turns: 6296, Time: 00:11:25

Health: -14/33     AC:  2    Str:  6    XL:     7   Next: 24%
Magic:  11/11      EV: 20    Int: 17    God:    Dithmenos [***...]
Gold:   317        SH:  5    Dex: 16    Spells: 2/10 levels left
                                        Lives:  0   Deaths: 2

rFire   . . .      SeeInvis +      - Unarmed
rCold   . . .      Faith    .    (shield unavailable)
rNeg    . . .      Spirit   .    (body armour unavailable)
rPois   +          Reflect  +    (helmet unavailable)
rElec   .          Harm     .    (cloak unavailable)
rCorr   .          Rampage  .    (gloves unavailable)
Will    +....                    (boots unavailable)
Stlth   +++.......               h - amulet of reflection
HPRegen 0.25/turn                t - ring of poison resistance
MPRegen 0.12/turn                e - ring of wizardry

@: wreathed by umbra, quick
A: very small, claws 1, fangs 3, see invisible, speed 1, shaggy fur 2, stealthy
paws, no weapons or thrown items, no armour, multi-lived
a: Renounce Religion, Shadow Step


You were on level 7 of the Dungeon.
You worshipped Dithmenos.
Dithmenos was most pleased with you.
You visited 1 branch of the dungeon, and saw 7 of its levels.

You collected 317 gold pieces.

Inventory:

Jewellery
 e - a ring of wizardry (right paw)
 h - an amulet of reflection (around neck)
 r - an amulet of magic regeneration
 t - a ring of poison resistance (left paw)
 u - a ring of flight
Wands
 k - a wand of digging (4)
 s - a wand of paralysis (4)
Scrolls
 d - 2 scrolls of vulnerability
 g - a scroll of poison
 i - a scroll of immolation
 l - 3 scrolls of teleportation
 o - a scroll of blinking
Potions
 a - 3 potions of lignification
 b - 5 potions of curing
 c - 2 potions of haste
 f - a potion of berserk rage
 j - a potion of brilliance
 m - a potion of might {unknown}
 n - 2 potions of heal wounds {unknown}
 p - a potion of flight {unknown}
 q - a potion of ambrosia {unknown}
 v - a potion of mutation {unknown}
 w - a potion of invisibility {unknown}


   Skills:
 + Level 4.7 Fighting
 + Level 6.8 Dodging
 - Level 3.0 Stealth
 + Level 5.7 Unarmed Combat
 - Level 2.0 Spellcasting
 + Level 5.7 Transmutations
 + Level 2.2 Ice Magic
 - Level 4.0 Poison Magic


You had 2 spell levels left.
You knew the following spells:

 Your Spells              Type           Power      Damage    Failure   Level
A - Beastly Appendage     Tmut           42%        N/A       1%          1
B - Spider Form           Tmut/Pois      18%        N/A       3%          3
C - Ice Form              Ice/Tmut       15%        N/A       16%         4

Your spell library contained the following spells:

 Spells                   Type           Power      Damage    Failure   Level
 Wereblood                Tmut           21%        N/A       1%          2
 Poisonous Vapours        Pois/Air       16%        N/A       5%          2
 Cigotuvi's Dreadful Rot  Necr/Pois/Air  12%        N/A       7%          2
 Necrotise                Necr           4%         1d4       8%          1
 Ignite Poison            Fire/Tmut/Pois 12%        N/A       6%          3
 Frozen Ramparts          Ice            18%        1d3       9%          3
 Mephitic Cloud           Conj/Pois/Air  6%         N/A       14%         3
 Call Canine Familiar     Summ           1%         N/A       22%         3
 Kindle Blastsparks       Fire/Tloc/Air  2%         2d10      22%         3
 Vampiric Draining        Necr           1%         2d6       22%         3
 Summon Ice Beast         Ice/Summ       5%         N/A       43%         4
 Leda's Liquefaction      Hex/Erth       0%         N/A       56%         4
 Freezing Cloud           Conj/Ice/Air   2%         6-21      80%         5
 Agony                    Necr           1%         N/A       88%         5
 Portal Projectile        Hex/Tloc       Unusable   N/A       N/A         3

Dungeon Overview and Level Annotations

Branches:
Dungeon (7/15)             Temple (0/1) D:4

Altars:
Dithmenos
Gozag
Hepliaklqana
Kikubaaqudgha
Ru

Shops:
D:2 (   D:5 *


Innate Abilities, Weirdness & Mutations

You have sharp claws.
You have razor-sharp teeth.
You have supernaturally acute eyesight. (SInv)
You cover ground quickly. (Speed+)
You are covered in thick fur. (AC +2)
Your paws help you pounce on unaware monsters.
You are incapable of wielding weapons or throwing items.
You cannot wear armour.
You gain extra lives every three experience levels.


Message History

Your transformation has ended.
l - 3 scrolls of teleportation (gained 1)
Things that are here:
a +3 flail; an orc corpse
Things that are here:
a +0 mace of protection; a +0 chain mail
Things that are here:
a +0 mace of protection; a +0 chain mail
c - 2 potions of haste (gained 1)
n - 2 bubbling ruby potions (gained 1)
There is a stone staircase leading down here.
Found a kite shield.
w - a sedimented coppery potion No target in view!
An ice beast comes into view.
The electric eel shoots out a bolt of lightning at you!
The bolt of electricity misses you.
There are monsters nearby!
The ice beast misses you.
The electric eel shoots out a bolt of lightning at you!
The bolt of electricity hits you!
You scratch the ice beast.
The ice beast is lightly wounded.
The ice beast hits you. The ice beast freezes you!
* * * LOW HITPOINT WARNING * * *
You are too injured to fight recklessly!
You are too injured to fight recklessly!
There are monsters nearby!
You are too injured to fight recklessly!
You are too injured to fight recklessly!
You are too injured to fight recklessly!
You barely miss the ice beast.
The ice beast is lightly wounded.
The ice beast hits you.
* * * LOW HITPOINT WARNING * * *
The ice beast freezes you.
* * * LOW HITPOINT WARNING * * *
The electric eel shoots out a bolt of lightning at you!
The bolt of electricity hits you!
You die...

...##.......#.########.........#
...########...#.......≈≈≈≈≈≈≈..#
...# ##.##.≈≈≈≈≈≈......≈.## ...#
#.##.≈.....#####.≈.# ####
#.##.≈.####....#.≈.#
#.##.≈.#...≈≈≈.#.≈.#
#.##.≈.#.≈≈._≈.#.≈.#
#.##.≈Y#.≈...≈.#.≈.#
#.#.#@≈.#...#.≈.#
#.#.#.≈÷#_.##.≈.#
#.#.#.≈.###...≈.#
#...#.≈....≈≈≈≈.#
#.#.#.≈SS≈≈.....#
#...#!.....##### ##..#######..
#... ≈≈≈ #.... .##


You could see an ice beast and 2 electric eels.

Vanquished Creatures
  Pikel (D:5)
  An ice beast (D:6)
  2 sky beasts
  A black bear (D:6)
  An ogre (D:4)
  2 kobold brigands (D:7)
  A bullfrog (D:7)
  2 hounds
  A jelly (D:5)
  4 orc priests
  2 gnoll boudas (D:6)
  2 iguanas
  An orc wizard (D:5)
  Ijyb (D:3)
  Robin (D:2)
  13 gnolls
  A shadow imp (D:7)
  3 dart slugs
  7 worms
  17 orcs
  10 ball pythons
  5 bats
  7 endoplasms
  2 giant cockroaches (D:2)
  8 goblins
  7 hobgoblins
  13 kobolds
  3 quokkas
  4 frilled lizards
  4 rats
127 creatures vanquished.

Notes
Turn   | Place    | Note
-------+----------+-------------------------------------------
     0 | D:1      | zishaf the Felid Transmuter began the quest for the Orb.
     0 | D:1      | Reached XP level 1. HP: 9/9 MP: 4/4
   238 | D:1      | Reached skill level 3 in Dodging
   239 | D:1      | Reached XP level 2. HP: 10/12 MP: 6/6
   852 | D:2      | Found Hiohaikh's Antique Weapon Emporium.
   949 | D:2      | Reached XP level 3. HP: 15/15 MP: 7/7
   988 | D:2      | Learned a level 2 spell: Wereblood
  1018 | D:2      | Learned a level 3 spell: Spider Form
  1498 | D:2      | Noticed Robin
  1514 | D:2      | Killed Robin
  1743 | D:3      | Reached skill level 1 in Stealth
  1865 | D:3      | Reached XP level 4. HP: 19/19 MP: 8/8
  2002 | D:3      | Found a faded altar of an unknown god.
  2016 | D:3      | Prayed at the altar of an unknown god.
  2016 | D:3      | Became a worshipper of Dithmenos the Shadowed
  2016 | D:3      | Reached * piety under Dithmenos
  2200 | D:3      | Noticed Ijyb
  2216 | D:3      | Killed Ijyb
  2279 | D:3      | Reached skill level 1 in Poison Magic
  2541 | D:3      | Found an opulent altar of Gozag.
  2974 | D:4      | Found an ancient bone altar of Kikubaaqudgha.
  2984 | D:4      | Noticed an ogre
  3011 | D:4      | Reached XP level 5. HP: 22/22 MP: 4/9
  3022 | D:4      | Killed an ogre
  3023 | D:4      | Reached skill level 4 in Dodging
  3276 | D:4      | Gained mutation: You are covered in thick fur. (AC +2)
                  | [Felid growth]
  3276 | D:4      | Reached XP level 6. HP: 18/27 MP: 3/10
  3368 | D:4      | Reached ** piety under Dithmenos
  3472 | D:4      | Found a staircase to the Ecumenical Temple.
  3847 | D:5      | Entered Level 5 of the Dungeon
  3945 | D:5      | Noticed a sky beast
  3968 | D:5      | Killed a sky beast
  4182 | D:5      | Found Genk's Assorted Antiques.
  4366 | D:5      | Found a hazy altar of Hepliaklqana.
  4436 | D:5      | Noticed Pikel
  4470 | D:5      | Killed Pikel
  4471 | D:5      | Reached skill level 5 in Dodging
  4471 | D:5      | Reached XP level 7. HP: 19/31 MP: 9/11
  4798 | D:6      | Learned a level 4 spell: Ice Form
  5005 | D:6      | Reached skill level 5 in Unarmed Combat
  5005 | D:6      | Reached XP level 8. HP: 36/36 MP: 9/12
  5095 | D:6      | Reached skill level 6 in Dodging
  5095 | D:6      | Reached skill level 1 in Ice Magic
  5114 | D:6      | Reached skill level 5 in Transmutations
  5206 | D:6      | Slain by a gnoll
  5207 | D:6      | Reached XP level 7. HP: -3/32 MP: 11/11
  5807 | D:7      | Reached *** piety under Dithmenos
  5923 | D:7      | Reached XP level 8. HP: 33/36 MP: 8/12
  6028 | D:7      | Found a sacrificial altar of Ru.
  6031 | D:7      | Found a shadowy altar of Dithmenos.
  6042 | D:7      | Killed from afar by an electric eel
  6043 | D:7      | Reached XP level 7. HP: 0/33 MP: 11/11
  6296 | D:7      | HP: 1/33 [ice beast (6)]
  6296 | D:7      | Killed from afar by an electric eel

Illustrated notes

Levels and vault maps discovered:
D:1:      minmay_arrival_glassed_features, layout_loops_cross, minivault_23
D:2:      layout_basic, serial_shops, shop, uniq_robin
D:3:      layout_basic, general_overflow_altar,
          ebering_ecumenical_altar_sacrificial, uniq_ijyb
D:4:      layout_basic, mainiacjoe_overflow_cross_hatched,
          minmay_temple_entry_fiery, sigmund_army
D:5:      layout_basic, lemuel_tele_altar, serial_shops, nicolae_square_shop,
          uniq_pikel
D:6:      layout_rooms
D:7:      layout_rooms, nicolae_overflow_squiral

Skill      XL: |  1  2  3  4  5  6  7  8 |
---------------+-------------------------+-----
Dodging        | 3 4 5 6 |  6.8
Stealth        | 1 2 3 |  3.0
Fighting       | 2 3 4 |  4.7
Transmutations | 3 4 5 |  5.7
Poison Magic   | 1 3 4 |  4.0
Unarmed Combat | 4 5 |  5.7
Ice Magic      | 2 1 |  2.2
Spellcasting   | |  2.0

Action                   |  1- 3 |  4- 6 |  7- 9 || total
-------------------------+-------+-------+-------++-------
Melee: Unarmed           |   105 |   127 |   188 ||   420
       Punch             |     4 |     5 |       ||     9
       Headbutt          |     8 |     1 |       ||     9
       Bite              |    12 |    10 |     9 ||    31
 Cast: Beastly Appendage |    12 |     1 |       ||    13
       Spider Form       |     2 |     7 |    10 ||    19
       Ice Form          |       |       |     2 ||     2
Evoke: Wand              |       |     1 |       ||     1
  Use: Scroll            |       |    13 |     3 ||    16
 Stab: Sleeping          |     4 |     4 |     2 ||    10
       Paralysed         |       |     1 |       ||     1
       Distracted        |       |       |     1 ||     1
Armor: Skin              |     2 |     2 |     3 ||     7
Dodge: Dodged            |    63 |   105 |   161 ||   329
Block: Other             |    19 |    24 |    42 ||    85
       Reflection        |     2 |     1 |     1 ||     4

Table legend: (Time is in decaauts)
 A = Elapsed time spent in this place.
 B = Non-inter-level travel time spent in this place.
 C = Inter-level travel time spent in this place.
 D = Time resting spent in this place.
 E = Time spent auto-exploring this place.
 F = Levels seen in this place.
 G = Mean time per level.
                   A        B        C        D        E       F      G
               +--------+--------+--------+--------+--------+-----+--------+
         Total |   5410 |   5299 |    111 |    301 |   3746 |   7 |  772.9 |
       Dungeon |   5410 |   5299 |    111 |    301 |   3746 |   7 |  772.9 |
               +--------+--------+--------+--------+--------+-----+--------+

Top non-repeatable levels by time:
     D:2: 975 daAuts
     D:4: 882 daAuts
     D:3: 853 daAuts
     D:5: 849 daAuts
     D:6: 791 daAuts
     D:1: 559 daAuts
     D:7: 498 daAuts
